 Dungeon Crawl Stone Soup version 0.23.2 (webtiles) character file.

Game seed: 1474626246539321746

1787 Gunterle the Quickloader (level 9, -1/55 HPs)
             Began as a Kobold Hunter on Apr 1, 2019.
             Was an Initiate of Kikubaaqudgha.
             Slain by an orc warrior
             ... wielding a +0 short sword
              (9 damage)
             ... on level 6 of the Dungeon.
             The game lasted 00:39:26 (8367 turns).

Gunterle the Quickloader (Kobold Hunter)            Turns: 8367, Time: 00:39:26

Health: -1/55      AC: 11    Str: 13    XL:     9   Next: 29%
Magic:  9/9        EV: 15    Int: 16    God:    Kikubaaqudgha [......]
Gold:   385        SH:  0    Dex: 15    Spells: 8/8 levels left

rFire    . . .     SeeInvis .   F - +0 rapier
rCold    . . .     Gourm    .   (shield restricted)
rNeg     . . .     Faith    .   y - +1 leather armour {MR+}
rPois    .         Spirit   .   (no helmet)
rElec    .         Reflect  .   (no cloak)
rCorr    .         Harm     +   P - +0 pair of gloves
MR       +....                  D - +2 pair of boots
Stlth    ++........             k - amulet of harm
HPRegen  0.18/turn              i - +3 ring of protection
MPRegen  0.11/turn              T - +4 ring of strength

@: no status effects
A: small, carnivore
a: Renounce Religion


You were on level 6 of the Dungeon.
You worshipped Kikubaaqudgha.
Kikubaaqudgha was noncommittal.
You were completely stuffed.

You visited 2 branches of the dungeon, and saw 8 of its levels.
You also visited: Bailey.

You collected 385 gold pieces.

Inventory:

Hand Weapons
 a - a +1 hand crossbow
 b - a +0 short sword
 s - a +0 spear
 z - a +0 falchion
 F - a +0 rapier (weapon)
 O - a +0 long sword
Missiles
 d - 8 bolts
 e - 189 stones
 o - 3 poisoned needles
 r - 54 sling bullets
 M - 6 tomahawks
 U - 66 tomahawks of returning (quivered)
Armour
 c - a +0 leather armour
 y - a +1 leather armour of magic resistance (worn)
 D - a +2 pair of boots (worn)
 P - a +0 pair of gloves (worn)
 S - +0 steam dragon scales
Jewellery
 i - a +3 ring of protection (left hand)
 k - an amulet of harm (around neck)
 n - an uncursed ring of flight
 w - an uncursed ring of protection from magic
 J - an uncursed ring of poison resistance
 Q - an uncursed amulet of the gourmand {unknown}
 T - a +4 ring of strength (right hand)
Wands
 j - a wand of digging (6)
 H - a wand of enslavement (1)
 L - a wand of flame (23)
Scrolls
 g - a scroll of amnesia {unknown}
 m - 2 scrolls of noise
 q - 2 scrolls of teleportation
 v - a scroll of remove curse
 A - a scroll of blinking {unknown}
 C - a scroll of magic mapping {unknown}
 G - a scroll of enchant armour {unknown}
 N - a scroll of random uselessness {unknown}
 R - a scroll of holy word {unknown}
 X - a scroll of acquirement {unknown}
Potions
 h - 2 potions of lignification
 l - 2 potions of flight
 p - 4 potions of mutation
 t - 5 potions of curing
 u - 2 potions of degeneration
 x - a potion of haste
 B - a potion of brilliance {unknown}
 E - 5 potions of heal wounds {unknown}
 I - a potion of might
 K - a potion of ambrosia {unknown}
 W - 3 potions of magic {unknown}
Comestibles
 f - 14 rations


   Skills:
 + Level 5.6 Fighting
 * Level 8.7 Short Blades
 * Level 9.4 Crossbows
 * Level 2.8 Armour
 - Level 2.4 Dodging
 - Level 1.3 Stealth
 + Level 0.2 Spellcasting
 * Level 0.4 Necromancy


You had 8 spell levels left.
You didn't know any spells.
Your spell library was empty.

Dungeon Overview and Level Annotations

Branches:
Dungeon (7/15)             Temple (1/1) D:7

Altars:
Ashenzari
Cheibriados
Dithmenos
Elyvilon
Fedhas
Gozag
Hepliaklqana
Kikubaaqudgha
Makhleb
Nemelex Xobeh
Okawaru
Qazlal
Ru
Sif Muna
Trog
Uskayaw
Vehumet
Wu Jian
Xom
Yredelemnul
Zin
The Shining One

Shops:
D:5 [

Annotations:
D:2 Sigmund


Innate Abilities, Weirdness & Mutations

You are small and have problems with some larger weapons.
You are carnivorous and can eat meat at any time.


Message History

You hit the orc warrior but do no damage.
The orc warrior is almost dead.
The orc warrior barely misses you.
You barely miss the orc warrior.
The orc warrior is almost dead.
The orc warrior hits you with a +0 short sword!
You hit the orc warrior but do no damage.
The orc warrior is almost dead.
You hit the orc warrior but do no damage.
The orc warrior is almost dead.
The orc warrior hits you with a +0 short sword.
You closely miss the orc warrior.
The orc warrior is almost dead.
The orc warrior hits you with a +0 short sword!
* * * LOW HITPOINT WARNING * * *
You hit the orc warrior but do no damage.
The orc warrior is almost dead.
The orc warrior hits you with a +0 short sword!
You die...
Kikubaaqudgha rasps: "You have failed me!
Welcome... death!"

.........#.#############.##.#
#'#.######.#.............##.#
#.########.#.###.#....#####.#
#........#.#.# #.#........#.#
########.#.#.###.#........#.#
#...#.#.#.#.#........#.#
#.###.#.#.#.#.#......#.# #.#
#.#....<#.#......#.# #.#
#.#####@#.#......#.#
#.###....(o...#......#.#
#...((......##########.#
############# #.# #.# #.#####
#...... #######


You could see an orc warrior.

Vanquished Creatures
  Menkaure (D:3)
  An ice beast (D:6)
  A phantom (D:6)
  3 ogres
  3 centaurs
  A killer bee (D:6)
  A howler monkey (D:4)
  3 crimson imps
  2 jellies
  2 orc priests
  A hound (D:3)
  A gnoll shaman (D:5)
  Jessica (D:2)
  2 orc wizards (D:5)
  A worker ant (D:5)
  14 gnolls
  8 adders
  2 oozes
  An adder skeleton (D:5)
  An adder zombie (D:5)
  3 worms
  A dart slug (D:3)
  5 leopard geckos
  10 orcs
  2 ball pythons (D:1)
  7 giant cockroaches
  5 goblins
  19 hobgoblins
  15 jackals
  15 kobolds
  5 quokkas
  7 bats
  3 frilled lizards
  A jackal skeleton (D:5)
  2 leopard gecko skeletons (D:4)
  A quokka skeleton (D:5)
  9 rats
160 creatures vanquished.

Vanquished Creatures (collateral kills)
  3 killer bees (D:6)
  2 gnolls (Bailey)
  A hobgoblin (Bailey)
  A kobold (Bailey)
7 creatures vanquished.

Vanquished Creatures (others)
  An orc warrior (Bailey)
  2 killer bees (D:6)
  A gnoll (Bailey)
4 creatures vanquished.

Grand Total: 171 creatures vanquished

Notes
Turn   | Place    | Note
-------+----------+-------------------------------------------
     0 | D:1      | Gunterle the Kobold Hunter began the quest for the Orb.
     0 | D:1      | Reached XP level 1. HP: 12/12 MP: 1/1
   161 | D:1      | Reached skill level 1 in Short Blades
   161 | D:1      | Reached skill level 5 in Crossbows
   161 | D:1      | Reached XP level 2. HP: 18/18 MP: 2/2
   745 | D:1      | Reached XP level 3. HP: 22/22 MP: 3/3
   889 | D:1      | You fall through a shaft!
  1752 | D:2      | Noticed Jessica
  1754 | D:2      | Killed Jessica
  1754 | D:2      | Reached XP level 4. HP: 27/27 MP: 4/4
  2017 | D:2      | Noticed Sigmund
  2784 | D:3      | Reached XP level 5. HP: 32/32 MP: 5/5
  2858 | D:3      | Reached skill level 6 in Crossbows
  3765 | D:4      | Noticed an ogre
  3809 | D:4      | Noticed Menkaure
  3817 | D:3      | Killed Menkaure
  3817 | D:3      | Reached skill level 1 in Armour
  3817 | D:3      | Reached XP level 6. HP: 30/37 MP: 6/6
  3982 | D:3      | Killed an ogre
  3982 | D:3      | Reached skill level 5 in Short Blades
  3982 | D:3      | Reached XP level 7. HP: 35/42 MP: 7/7
  4016 | D:4      | Found a snail-covered altar of Cheibriados.
  4041 | D:4      | Reached skill level 7 in Crossbows
  4395 | D:5      | Entered Level 5 of the Dungeon
  4994 | D:5      | Reached XP level 8. HP: 45/48 MP: 8/8
  5095 | D:5      | Found Lenoudgh's Armour Boutique.
  5577 | D:6      | Reached skill level 8 in Crossbows
  6402 | D:6      | Reached skill level 5 in Fighting
  6750 | D:6      | Reached XP level 9. HP: 16/54 MP: 9/9
  7105 | D:7      | Found a flagged portal.
  7130 | Bailey   | Entered a bailey
  7417 | Bailey   | Reached skill level 9 in Crossbows
  7846 | D:7      | Found a staircase to the Ecumenical Temple.
  7868 | Temple   | Entered the Ecumenical Temple
  7959 | Temple   | Became a worshipper of Kikubaaqudgha
  8367 | D:6      | Slain by an orc warrior

Skill      XL: |  1  2  3  4  5  6  7  8  9 |
---------------+----------------------------+-----
Short Blades   | 1 3 4 5 7 8 |  8.7
Crossbows      | 5 6 7 8 9 |  9.4
Fighting       | 3 4 5 |  5.6
Armour         | 1 2 |  2.8
Dodging        | |  2.4
Stealth        | |  1.3
Spellcasting   | |  0.2
Necromancy     | |  0.4

Action                   |  1- 3 |  4- 6 |  7- 9 || total
-------------------------+-------+-------+-------++-------
Melee: Short sword       |   107 |   149 |    20 ||   276
       Rapier            |       |       |   207 ||   207
 Fire: Hand crossbow     |     8 |    45 |   142 ||   195
Throw: Stone             |       |       |    10 ||    10
       Tomahawk          |       |       |     6 ||     6
Evoke: Wand              |       |       |     7 ||     7
  Use: Potion            |     1 |     1 |     1 ||     3
       Scroll            |       |     7 |     2 ||     9
 Stab: Sleeping          |     3 |     1 |     1 ||     5
  Eat: Chunk             |    10 |     8 |    14 ||    32
Armor: Leather armour    |    26 |    42 |    88 ||   156
       Skin              |     1 |       |       ||     1
Dodge: Dodged            |    92 |   103 |   200 ||   395
